 Dungeon Crawl Stone Soup version 0.29.0-11-gd7f09526c8 (webtiles) character file.

Game seed: 11561291185287425087

5464 Monkooky the Martial Artist (level 11, -3/112 HPs)
             Began as a Meteoran Wanderer on Sept 4, 2022.
             Was a Believer of Ashenzari.
             Slain by an orc knight
             ... wielding a +0 halberd
              (13 damage)
             ... in a bailey.
             The game lasted 00:39:16 (4499 turns).

Monkooky the Martial Artist (Meteoran Wanderer)     Turns: 4499, Time: 00:39:17

Health: -3/112     AC:  8    Str: 13    XL:     11   Next: 19%
Magic:  16/18      EV: 12    Int: 17    God:    Ashenzari [**....]
Gold:   468        SH:  0    Dex: 16    Spells: 6/18 levels left

rFire   . . .      SeeInvis +     - Unarmed
rCold   + + .      Faith    .   (shield currently unavailable)
rNeg    + . .      Spirit   .   (body armour currently unavailable)
rPois   +          Reflect  .   (helmet currently unavailable)
rElec   .          Harm     .   (cloak currently unavailable)
rCorr   .          Rampage  .   (gloves currently unavailable)
Will    .....                   (boots currently unavailable)
Stlth   +.........              (no amulet)
HPRegen 0.28/turn               m - ring of positive energy
MPRegen 0.16/turn               k - ring of fire

@: ice-form, weak-willed, wereblooded, hasted and slowed, glowing
A: freezing attack, amphibious, boosted hp, large, sense surroundings 2,
otherworldly, glowing, explore regen
a: End Transformation, Renounce Religion, Shatter the Chains


You were in a bailey.
You worshipped Ashenzari.
Ashenzari was pleased with you.
You were a creature of crystalline ice.
You visited 2 branches of the dungeon, and saw 10 of its levels.
You also visited: Ossuary and Bailey.

You collected 572 gold pieces.
You spent 104 gold pieces at shops.

Inventory:

Hand Weapons
 a - a +0 dagger
Missiles
 b - 22 poisoned darts (quivered)
 o - 2 javelins
 C - 2 silver javelins
Armour
 d - a +0 robe
 g - the cursed +2 robe of the Esoteric Sky (melded) {Fly, Evo, Elem}
   (You found it in an ossuary)

   Fly:       It grants you flight.
   It has a curse which improves the following skills: Evocations: Evocations.
   Elements:  Fire Magic, Ice Magic, Air Magic and Earth Magic.
 A - +0 steam dragon scales
 D - the cursed +2 cloak "I Knew You'd Do That" (melded) {Melee, Bglg}
   (You took it off Crazy Yiuf on level 6 of the Dungeon)

   It has a curse which improves the following skills: Melee Combat: Short
   Blades, Long Blades, Axes, Maces & Flails, Polearms, Staves and Unarmed
   Combat.
   Beguiling: Conjurations, Hexes and Translocations.
 E - the cursed +0 pair of gloves of Cremastomancy (melded) {Elem, Self}
   (You found it on level 6 of the Dungeon)

   It has a curse which improves the following skills: Elements: Fire Magic, Ice
   Magic, Air Magic and Earth Magic.
   Introspection: Fighting and Spellcasting.
 F - a +0 kite shield
 G - a +0 buckler
 L - the cursed +0 pair of boots "Ruined With Me" (melded) {Elem, Fort}
   (You found it on level 8 of the Dungeon)

   It has a curse which improves the following skills: Elements: Fire Magic, Ice
   Magic, Air Magic and Earth Magic.
   Fortitude: Armour and Shields.
Magical Staves
 j - a staff of conjuration
Jewellery
 k - a ring of fire (right front paw)
 m - a ring of positive energy (left front paw)
 H - a ring of poison resistance
 K - a ring of see invisible
Wands
 s - a wand of quicksilver (4)
 v - a wand of iceblast (10)
 B - a wand of paralysis (6)
 M - a wand of polymorph (1)
Scrolls
 c - 2 scrolls of vulnerability
 e - a scroll of poison
 f - 4 scrolls of magic mapping
 h - 3 scrolls of butterflies
 u - 2 scrolls of enchant weapon
 x - a scroll of amnesia
 y - a scroll of teleportation
 I - a scroll of enchant armour
Potions
 i - 8 potions of mutation
 l - 6 potions of heal wounds
 n - 2 potions of attraction
 p - 6 potions of might
 q - 2 potions of invisibility
 r - 3 potions of brilliance
 w - a potion of curing
 z - 3 potions of haste
 J - 2 potions of resistance


   Skills:
 - Level 7.8 Fighting
 - Level 2.4 Throwing
 - Level 5.3 Dodging
 - Level 11.4 Unarmed Combat
 - Level 4.0 Spellcasting
 - Level 5.6 Transmutations
 - Level 6.5 Ice Magic
 - Level 1.2 Earth Magic
 * Level 5.7 Evocations


You had 6 spell levels left.
You knew the following spells:

 Your Spells              Type           Power      Damage    Failure   Level
a - Wereblood             Tmut           22%        N/A       2%          2
b - Ice Form              Ice/Tmut       24%        N/A       13%         4
c - Ozocubu's Armour      Ice            25%        N/A       3%          3
d - Freeze                Ice            100%       1d11      1%          1
e - Passwall              Tmut/Erth      12%        N/A       6%          2

Your spell library contained the following spells:

 Spells                   Type           Power      Damage    Failure   Level
 Sandblast                Erth           14%        2d6       10%         1
 Magic Dart               Conj           12%        1d3       16%         1
 Call Imp                 Summ           3%         N/A       24%         2
 Sublimation of Blood     Necr           3%         N/A       24%         2
 Stone Arrow              Conj/Erth      10%        3d7       36%         3
 Mephitic Cloud           Conj/Pois/Air  3%         N/A       43%         3
 Summon Hydra             Summ           1%         N/A       100%        7


Dungeon Overview and Level Annotations

Branches:
Dungeon (9/15) Zot: 1618   Temple (1/1) D:4 Zot: 488 Ossuary (visited)
 Bailey (1/1) Zot: 283
   Lair: D:8-11         Orc: D:9-12

Altars:
Ashenzari
Cheibriados
Dithmenos
Elyvilon
Gozag
Hepliaklqana
Kikubaaqudgha
Makhleb
Nemelex Xobeh
Okawaru
Qazlal
Ru
Sif Muna
Trog
Uskayaw
Wu Jian
Xom
Yredelemnul
The Shining One

Shops:
D:2 !   D:5 (   D:7 *

Annotations:
D:3 Sigmund


Innate Abilities, Weirdness & Mutations

You are a creature of crystalline ice.
You have a powerful freezing melee attack.
You are amphibious.
Your maximum health is increased.
Your armour is entirely melded.
You are incapable of wielding weapons or throwing items.
You passively map the area around you.
You are easily found by Zot.
You glow in the dark.
You regain HP and MP as you explore.


Message History

Okay, then.
Blink to where?
Press: ? - help, Dir - move target, p - death drake
As you read the scroll of blinking, it crumbles to dust.
Aiming: Paralyse
Press: ? - help, Shift-Dir - straight line, f - death drake
Aim: a death drake (moderately wounded, chance to affect: 46%)
The death drake resists with some effort.
The death drake breathes miasma at you.
Aiming: Paralyse
Press: ? - help, Shift-Dir - straight line, f/p - death drake
Aim: a death drake (foul pestilence, moderately wounded, catching its breath, chance to affect: 46%)
Okay, then.
Really read the scroll of vulnerability?
As you read the scroll of vulnerability, it crumbles to dust.
Magic quickly surges around you.
Unknown command.
Aiming: Paralyse
Press: ? - help, Shift-Dir - straight line, f/p - death drake
Aim: a death drake (foul pestilence, moderately wounded, catching its breath, weak-willed, chance to affect: 63%)
The death drake suddenly stops moving!
Aiming: Paralyse
Press: ? - help, Shift-Dir - straight line, f - orc warrior, p - death drake
Aim: an orc warrior, wielding a +0 glaive and wearing a +0 scale mail (weak-willed, chance to affect: 71%)
The orc warrior suddenly stops moving!
Items here: ))) ÷÷.
There is an open gate, spattered with blood here.
Things that are here:
a +0 trident; a +0 chain mail; an orc skeleton The orc knight hits you from afar with a +0 halberd!!
* * * LOW HITPOINT WARNING * * *
Things that are here:
a +0 halberd; a +0 chain mail; an orc skeleton Unknown command.
Aiming: Paralyse
Press: ? - help, Shift-Dir - straight line, f - orc knight, p - orc warrior
Aim: an orc knight, wielding a +0 halberd and wearing a +0 scale mail (chance to affect: 46%)
The orc knight resists with some effort.
The orc knight hits you from afar with a +0 halberd!
You die...

####### ####### #####
##.....#########.....###..... ,
##.......#.....#).o....'...o..
.#.)##...'....))Yo#..°o'......,
,
))).8....'.....))k.....'......,
,
.#).##...'.....'..#....'.)....
##.......#.....#.......'......,
##.....#########.....###..... ,
####### ####### #####***


You could see a death drake (paralysed, weak-willed), an orc knight and an orc
warrior (paralysed, weak-willed).

Vanquished Creatures
  Pikel (D:4)
  Joseph (D:8)
  An unseen horror (D:7)
  A troll (D:7)
  A hornet (D:7)
  Prince Ribbit (D:6)
  4 yaks (D:8)
  A wyvern (D:7)
  2 steam dragons (D:6)
  A water moccasin (D:8)
  Duvessa (D:5)
  4 orc warriors
  An ice beast (D:7)
  3 black bears
  3 centaurs
  An ogre (D:4)
  A phantom (D:4)
  A lemure (D:4)
  An elf zombie (Ossuary)
  A bullfrog (D:8)
  A necrophage (D:7)
  2 scorpions
  Dowan (D:5)
  2 howler monkeys
  3 human zombies (Ossuary)
  4 hounds
  A jelly (D:6)
  3 orc priests
  Crazy Yiuf (D:6)
  8 orc wizards
  7 iguanas
  4 mummies (Ossuary)
  7 adders
  A shadow imp (D:4)
  2 white imps (D:6)
  An adder zombie (Ossuary)
  A dart slug (D:1)
  48 orcs
  3 bats
  7 endoplasms
  5 giant cockroaches
  7 goblins
  5 hobgoblins
  3 kobolds
  4 quokkas
  9 ball pythons
  5 frilled lizards
  A gnoll zombie (Ossuary)
  3 hobgoblin zombies (Ossuary)
  A jackal zombie (Ossuary)
  A kobold zombie (Ossuary)
  A rat zombie (Ossuary)
183 creatures vanquished.

Vanquished Creatures (others)
  A plant (D:5)
1 creature vanquished.

Grand Total: 184 creatures vanquished

Notes
Turn   | Place    | Note
-------+----------+-------------------------------------------
     0 | D:1      | Monkooky the Meteoran Wanderer began the quest for the Orb.
     0 | D:1      | Monkooky set off with the following items: a +0 dagger, 15
                  | poisoned darts, a scroll of vulnerability, a +0 robe; and
                  | the following spells available to memorise: Freeze,
                  | Sandblast, Ozocubu's Armour, Stone Arrow, Ice Form.
     0 | D:1      | Reached XP level 1. HP: 16/16 MP: 6/6
   120 | D:1      | Reached skill level 1 in Unarmed Combat
   125 | D:1      | Reached XP level 2. HP: 11/23 MP: 8/8
   160 | D:1      | Reached skill level 2 in Unarmed Combat
   399 | D:2      | Reached XP level 3. HP: 26/28 MP: 9/9
   402 | D:2      | Learned a level 2 spell: Wereblood
   402 | D:2      | Found a faded altar of an unknown god.
   448 | D:2      | Found Ehoank's Distillery.
   473 | D:2      | Reached skill level 1 in Transmutations
   479 | D:2      | Bought a potion of heal wounds for 65 gold pieces
   479 | D:2      | Bought a potion of lignification for 39 gold pieces
   646 | D:3      | Reached XP level 4. HP: 29/35 MP: 11/11
   651 | D:3      | Learned a level 4 spell: Ice Form
   655 | D:3      | Learned a level 3 spell: Ozocubu's Armour
  1020 | D:3      | Found Joenie's Antique Weapon Emporium.
  1093 | D:3      | Noticed Sigmund
  1337 | D:4      | Reached XP level 5. HP: 40/40 MP: 7/12
  1346 | D:4      | Found a bloodstained altar of Trog.
  1425 | D:4      | Noticed a black bear
  1429 | D:4      | Killed a black bear
  1430 | D:4      | Reached XP level 6. HP: 47/47 MP: 9/13
  1565 | D:4      | Found a sand-covered staircase.
  1584 | D:4      | Reached skill level 3 in Unarmed Combat
  1584 | D:4      | Reached XP level 7. HP: 30/52 MP: 4/14
  1618 | Ossuary  | Entered an ossuary
  1644 | Ossuary  | Reached skill level 4 in Unarmed Combat
  1671 | Ossuary  | Reached skill level 5 in Unarmed Combat
  1750 | Ossuary  | Identified the +2 robe "Liezakk" {Fly}
  1848 | Ossuary  | Learned a level 1 spell: Freeze
  2031 | D:4      | Reached skill level 5 in Transmutations
  2031 | D:4      | Reached XP level 8. HP: 57/59 MP: 5/15
  2082 | D:5      | Entered Level 5 of the Dungeon
  2100 | D:4      | Reached skill level 6 in Unarmed Combat
  2106 | D:4      | Found a staircase to the Ecumenical Temple.
  2110 | Temple   | Entered the Ecumenical Temple
  2110 | Temple   | Found a transporter.
  2110 | Temple   | Found a transporter.
  2112 | Temple   | Found a transporter.
  2112 | Temple   | Found a transporter.
  2140 | Temple   | Became a worshipper of Ashenzari the Shackled
  2285 | D:5      | Noticed Duvessa
  2290 | D:5      | Noticed Dowan
  2331 | D:5      | Noticed Pikel
  2475 | D:4      | Killed Pikel
  2476 | D:4      | Reached skill level 7 in Unarmed Combat
  2476 | D:4      | Gained mutation: You passively map the area around you.
                  | [Meteoran growth]
  2476 | D:4      | Reached XP level 9. HP: 64/73 MP: 10/16
  2502 | D:5      | Killed Duvessa
  2503 | D:5      | Reached skill level 5 in Fighting
  2503 | D:5      | Reached skill level 8 in Unarmed Combat
  2507 | D:5      | Killed Dowan
  2599 | D:5      | Found Vebraops's Hydra Hut.
  2605 | D:5      | Noticed an eight-headed hydra
  2642 | D:5      | Reached skill level 9 in Unarmed Combat
  2728 | D:5      | Found a stormy altar of Qazlal.
  2894 | D:6      | Reached skill level 5 in Ice Magic
  2978 | D:6      | Found an iron altar of Okawaru.
  3026 | D:6      | Found a runed translucent door.
  3027 | D:6      | Noticed Crazy Yiuf
  3033 | D:6      | Killed Crazy Yiuf
  3100 | D:6      | Noticed Prince Ribbit
  3110 | D:6      | Killed Prince Ribbit
  3111 | D:6      | Reached XP level 10. HP: 81/84 MP: 10/17
  3227 | D:6      | Reached skill level 5 in Dodging
  3292 | D:7      | Reached * piety under Ashenzari
  3300 | D:7      | Found Duse's General Store.
  3441 | D:7      | Identified the cursed +2 cloak "I Knew You'd Do That"
                  | {Melee, Bglg} (You took it off Crazy Yiuf on level 6 of the
                  | Dungeon)
  3448 | D:7      | Killed an unseen horror
  3449 | D:7      | Reached skill level 10 in Unarmed Combat
  3676 | D:8      | Reached skill level 11 in Unarmed Combat
  3688 | D:8      | Found a sacrificial altar of Ru.
  3750 | D:8      | Noticed a lindwurm
  3750 | D:8      | Noticed a lindwurm
  3766 | D:8      | Identified the +10 plate armour of the Tired Places {+Inv}
  3766 | D:8      | Noticed a lindwurm
  3766 | D:8      | Noticed a lindwurm
  3789 | D:8      | Reached ** piety under Ashenzari
  3865 | D:8      | Noticed Joseph
  3881 | D:8      | Killed Joseph
  3903 | D:8      | Identified the cursed +0 pair of gloves of Cremastomancy
                  | {Elem, Self} (You found it on level 6 of the Dungeon)
  3915 | D:8      | Reached skill level 1 in Evocations
  3982 | D:8      | Reached XP level 11. HP: 94/94 MP: 16/18
  4119 | D:9      | Learned a level 2 spell: Passwall
  4153 | D:9      | Reached skill level 5 in Evocations
  4163 | D:9      | Found a flagged portal.
  4175 | Bailey   | Entered a bailey
  4478 | Bailey   | Noticed an orc knight
  4481 | Bailey   | Noticed a death drake
  4481 | Bailey   | an orc knight changed into a death drake
  4488 | Bailey   | Noticed an orc knight
  4499 | Bailey   | Slain by an orc knight

Illustrated notes

Levels and vault maps discovered:
D:1:      matt_arrival_debris, layout_basic
D:2:      layout_rooms, nicolae_ecumenical_snake_handling, serial_shops,
          nicolae_shop_crystal
D:3:      layout_basic, serial_shops, nicolae_diamond_shop, uniq_sigmund
D:4:      layout_basic, old_standard_altar, temple_statues, enter_ossuary_1
D:5:      layout_cave_pools, nicolae_qazlal_general_emergency,
          doesnt_shop_hydraphobe, uniq_duvessa, uniq_pikel
D:6:      layout_loops_ring, okawaru_metal_pillars_1_2, uniq_prince_ribbit1,
          uniq_crazy_yiuf_cottage
D:7:      layout_cave_pods, serial_shops, nicolae_shop_trees
D:8:      layout_basic, nicolae_ru_great_annihilating_truth,
          minmay_lindwurm_lava, uniq_joseph
D:9:      layout_irregular_city, fedhas_altar_1, mainiacjoe_overflow_catwalk,
          enter_bailey_5, small_statue_intersection
Temple:   hellmonk_temple_divided_pantheon
Bailey:   bailey_polearm_5, bailey

Skill      XL: |  1  2  3  4  5  6  7  8  9 10 11 |
---------------+----------------------------------+-----
Unarmed Combat | 1 2 3 5 7 9 11 | 11.4
Transmutations | 2 4 5 |  5.6
Ice Magic      | 3 4 6 |  6.5
Fighting       | 4 6 7 |  7.8
Dodging        | 3 5 |  5.3
Evocations     | 2 5 |  5.7
Throwing       | |  2.4
Spellcasting   | |  4.0
Earth Magic    | |  1.2

Action                   |  1- 3 |  4- 6 |  7- 9 | 10-12 || total
-------------------------+-------+-------+-------+-------++-------
Melee: Dagger            |   119 |    78 |       |       ||   197
       Punch             |     5 |       |     2 |       ||     7
       Unarmed           |       |    47 |   186 |   155 ||   388
Throw: Dart              |     6 |       |       |       ||     6
 Cast: Ice Form          |       |     3 |    18 |    14 ||    35
       Ozocubu's Armour  |       |       |     8 |     4 ||    12
       Wereblood         |       |       |    10 |     9 ||    19
Invok: Curse Item        |       |       |     1 |     3 ||     4
 Abil: End Transformatio |       |       |     1 |       ||     1
Evoke: Wand              |       |       |       |     7 ||     7
  Use: Potion            |     1 |     1 |       |     2 ||     4
       Scroll            |       |     3 |     7 |     5 ||    15
 Stab: Paralysed         |       |       |       |     6 ||     6
Armor: Robe              |    29 |    20 |     4 |     4 ||    57
       Skin              |       |    16 |    99 |    51 ||   166
Dodge: Dodged            |    69 |    69 |    93 |    90 ||   321
